[Event "ICC tourney 1921 (15 5)"]
[Site "Internet Chess Club"]
[Date "2020.07.17"]
[Round "2"]
[White "Kausy"]
[Black "harkerchess"]
[Result "1-0"]
[ICCResult "Black resigns"]
[WhiteElo "1698"]
[BlackElo "1468"]
[Opening "Giuoco Piano"]
[ECO "C50"]
[NIC "IG.02"]
[Time "13:28:00"]
[TimeControl "900+5"]

1. e4 e5 2. Nf3 Nc6 3. Bc4 Bc5 4. O-O Nf6 5. d3 d6 6. c3 Bb6 7. Nbd2 O-O 8.
Re1 Be6 9. Bb3 Ne7 10. Nf1 Ng6 11. Ng3 Qd7 12. h3 Rad8 13. d4 Qc8 14. Bg5
Kh8 15. Qd2 Rg8 16. Kh2 Rde8 17. Bxf6 gxf6 18. Nh5 Qd8 19. Qh6 Qe7 20. Re2
c6 21. Rd1 Bd8 22. dxe5 dxe5 23. Red2 Bc8 24. Rd6 Qf8 25. Qxf8 Rgxf8 26.
Nxf6 Bxf6 27. Rxf6 Kg7 28. Rfd6 Rg8 29. g3 Rgf8 30. R1d2 f5 31. Ng5 fxe4 32.
Nxe4 h6 33. Nc5 e4 34. Be6 Ne5 35. Kg2 b6 36. Bxc8 bxc5 37. Be6 Rf6 38. Bb3
Rff8 39. Bc2 Nc4 40. Rd7+ Kf6 41. Re2 e3 42. b3 Na3 43. fxe3 Nxc2 44. Rxc2
Rxe3 45. Rf2+ Ke6 46. Rxf8 Kxd7 47. Rf7+ Kd6 48. Rxa7 Rxc3 49. h4 c4 50.
bxc4 Rxc4 51. Kf3 Rc2 52. Rh7 Rxa2 53. Rxh6+ Kd5 54. g4 c5 55. Rh8 Ra3+ 56.
Kf4 Ra4+ 57. Kf5 Ra1 58. Rd8+ Kc4 59. h5 Rf1+ 60. Kg6 Kb3 61. g5 c4 62. Rc8
c3 63. h6 c2 64. h7 Rh1 65. Kg7 Rh3 66. Rxc2 Kxc2 67. h8=Q Rxh8 68. Kxh8 Kd3
69. g6 Ke4 70. g7 Kf5 71. g8=Q {Black resigns} 1-0

[Event "ICC tourney 1921 (15 5)"]
[Site "Internet Chess Club"]
[Date "2020.07.17"]
[Round "2"]
[White "WCCJCB"]
[Black "poohfur"]
[Result "1-0"]
[ICCResult "Black resigns"]
[WhiteElo "1595"]
[BlackElo "1443"]
[Opening "QGD: Tarrasch, Folkestone (Swedish) variation"]
[ECO "D33"]
[NIC "TD.09"]
[Time "13:28:35"]
[TimeControl "900+5"]

1. d4 d5 2. c4 e6 3. Nc3 c5 4. cxd5 exd5 5. Nf3 Nc6 6. g3 c4 7. Bg2 Bb4 8.
O-O Nge7 9. Bf4 O-O 10. Ne5 Be6 11. Nxc6 bxc6 12. a3 Ba5 13. Na4 Bb6 14. Nc5
Bxc5 15. dxc5 Re8 16. e4 d4 17. Bd6 d3 18. f4 f5 19. exf5 Bxf5 20. Re1 Nd5
21. Qd2 g5 22. Re5 Rxe5 23. fxe5 h6 24. Rf1 Qd7 25. Qf2 Be6 26. Be4 Bh3 27.
Re1 Ne7 28. Qf6 Rf8 29. Qxh6 Rf7 30. Qxg5+ Kf8 31. Qh6+ Ke8 32. Qh8+ Rf8 33.
Qh5+ Kd8 34. Qh6 Rg8 35. Qd2 Kc8 36. b3 Nf5 37. bxc4 Nxd6 38. cxd6 Rf8 39.
Qxd3 Qf7 40. Qe2 Qe6 41. Bg2 Bxg2 42. Kxg2 Rh8 43. h4 Rg8 44. Qe4 Kb7 45.
Rb1+ {Black resigns} 1-0

[Event "ICC tourney 1921 (15 5)"]
[Site "Internet Chess Club"]
[Date "2020.07.17"]
[Round "2"]
[White "andrewjiang2"]
[Black "SuperBlueSky"]
[Result "1-0"]
[ICCResult "Black forfeits on time"]
[WhiteElo "1321"]
[BlackElo "1499"]
[Opening "Giuoco Piano"]
[ECO "C54"]
[NIC "IG.02"]
[Time "13:27:39"]
[TimeControl "900+5"]

1. e4 e5 2. Nf3 Nc6 3. Bc4 Bc5 4. c3 Nf6 5. d3 d6 6. O-O a6 7. Re1 O-O 8. h3
Re8 9. Nbd2 Ba7 10. Nf1 Na5 11. Bb3 Nxb3 12. axb3 Be6 13. g4 c6 14. b4 Qd7
15. Ng3 h6 16. Be3 Bxe3 17. Rxe3 Nh7 18. d4 exd4 19. Qxd4 Ng5 20. Nxg5 hxg5
21. Nh5 f6 22. Rd1 Rad8 23. Rg3 Bf7 24. Kh2 Bxh5 25. gxh5 Qf7 26. Ra1 Qxh5
27. Rag1 Qe2 28. Rg4 Rd7 29. h4 Ree7 30. hxg5 fxg5 31. Rxg5 Qf3 32. R1g3 Qf4
33. Rg4 Qe5 34. Qc4+ Qe6 35. Rxg7+ Kh8 36. Rg8+ Kh7 37. R3g7+
{Black forfeits on time}
1-0

[Event "ICC tourney 1921 (15 5)"]
[Site "Internet Chess Club"]
[Date "2020.07.17"]
[Round "2"]
[White "Kinawa"]
[Black "sswagatha"]
[Result "0-1"]
[ICCResult "White resigns"]
[WhiteElo "1392"]
[BlackElo "1455"]
[Opening "Scotch gambit"]
[ECO "C44"]
[NIC "SO.06"]
[Time "13:27:41"]
[TimeControl "900+5"]

1. e4 e5 2. Nf3 Nc6 3. d4 exd4 4. Bc4 Bc5 5. Ng5 d5 6. Bxd5 Be6 7. Bxe6 fxe6
8. Nxe6 Qe7 9. Nxc7+ Qxc7 10. Qh5+ g6 11. Qxc5 O-O-O 12. Bg5 Re8 13. Nd2 Re5
14. Qf8+ Nd8 15. Bf4 Qe7 16. Qxe7 Rxe7 17. O-O-O Nf6 18. Bg5 Rf8 19. f3 Kb8
20. Nb3 Ka8 21. Nxd4 Re5 22. Rd2 Rxg5 23. Rhd1 a6 24. Nf5 gxf5 25. Rxd8+
Rxd8 26. Rxd8+ Ka7 27. exf5 Rxf5 28. Rf8 Kb6 29. c4 Rf4 30. b3 Nh5 31. Rd8
Rh4 32. h3 Ng3 33. Kd2 Rh6 34. Rd5 Kc6 35. Ke3 Re6+ 36. Kf2 Ne2 37. g3 Nc3
38. Rd2 Rf6 39. Ke3 Nb1 40. Rb2 Re6+ 41. Kf2 Nc3 42. Rd2 Rd6 43. Rc2 Nb1 44.
Ke2 Na3 45. Rb2 b5 46. cxb5+ Nxb5 47. f4 Nc3+ 48. Kf3 Rd3+ 49. Kg4 Nd5 50.
Rc2+ Kd6 51. Re2 Ne3+ 52. Kg5 Rd5+ 53. Kh4 Nf5+ 54. Kg4 h5+ 55. Kf3 Nd4+
{White resigns}
0-1

[Event "ICC tourney 1921 (15 5)"]
[Site "Internet Chess Club"]
[Date "2020.07.17"]
[Round "2"]
[White "RobloxMadCity"]
[Black "ryanwang"]
[Result "0-1"]
[ICCResult "White checkmated"]
[WhiteElo "1424"]
[BlackElo "1557"]
[Opening "Sicilian: Grand Prix attack"]
[ECO "B23"]
[NIC "SI.44"]
[Time "13:27:58"]
[TimeControl "900+5"]

1. e4 c5 2. Nc3 Nc6 3. f4 g6 4. Nf3 Bg7 5. Bb5 Nd4 6. Ba4 a6 7. a3 b5 8. Bb3
Nxb3 9. cxb3 d6 10. d4 cxd4 11. Nxd4 Bb7 12. O-O Nf6 13. e5 dxe5 14. fxe5
Nd5 15. Qf3 O-O 16. Nxd5 Qxd5 17. Qxd5 Bxd5 18. Bf4 Rfd8 19. Rac1 Bxg2 20.
Kxg2 Rxd4 21. Bg3 h5 22. h4 Rd2+ 23. Rf2 Rad8 24. Rf1 R8d5 25. Rxd2 Rxd2+
26. Rf2 Rxf2+ 27. Kxf2 f5 28. Ke3 Kf7 29. Kd4 Ke6 30. Bf4 Kd7 31. Kd5 e6+
32. Kc5 Kc7 33. a4 Bf8+ 34. Kd4 Be7 35. Bg3 Kc6 36. a5 Bb4 37. Ke3 Bxa5 38.
Kf4 Bd2+ 39. Kf3 Kd5 40. Bh2 Bc1 41. Bg3 Bxb2 42. Ke3 Bxe5 43. Bxe5 Kxe5 44.
Kf3 a5 45. Ke3 a4 46. bxa4 bxa4 47. Kd3 f4 48. Kc3 f3 49. Kb4 f2 50. Kxa4
f1=Q 51. Kb4 Qf4+ 52. Kc3 Qe4 53. Kb3 Qd4 54. Kc2 Qe3 55. Kb2 Qd3 56. Kc1
Qe2 57. Kb1 Kd4 58. Ka1 Kc3 59. Kb1 Qb2# {White checkmated} 0-1

[Event "ICC tourney 1921 (15 5)"]
[Site "Internet Chess Club"]
[Date "2020.07.17"]
[Round "2"]
[White "gmcarebear999"]
[Black "funplaychess"]
[Result "0-1"]
[ICCResult "White resigns"]
[WhiteElo "1389"]
[BlackElo "1780"]
[Opening "Nimzo-Indian: three knights variation"]
[ECO "E21"]
[NIC "NI.28"]
[Time "13:27:52"]
[TimeControl "900+5"]

1. d4 Nf6 2. c4 e6 3. Nc3 Bb4 4. Nf3 O-O 5. Bg5 c5 6. e3 Qa5 7. Qc2 cxd4 8.
exd4 Ne4 9. Bd2 Nxd2 10. Nxd2 Nc6 11. Nb3 Bxc3+ 12. bxc3 Qg5 13. Qd2 Qxd2+
14. Kxd2 d6 15. Bd3 b6 16. Rhe1 Bb7 17. f3 Rfc8 18. d5 exd5 19. cxd5 Ne5 20.
Be4 g6 21. f4 Nc4+ 22. Kd3 Ba6 23. Kd4 Nb2 24. Nd2 Rc7 25. Rab1 Nc4 26. Nb3
Na3 27. Rbc1 Rc4+ 28. Ke3 Rac8 29. Kd2 R4c7 30. Bd3 Bb7 31. Be4 a6 32. Nd4
Kf8 33. Kd3 b5 34. Nc6 Nc4 35. a4 Nb2+ 36. Kd4 Nxa4 37. c4 Nc5 38. cxb5 axb5
39. Rb1 Bxc6 40. dxc6 Nxe4 41. Rxe4 Rxc6 42. Rxb5 Rc4+ 43. Kd3 Rc3+ 44. Ke2
Rc2+ 45. Kf1 Rc1+ 46. Kf2 R8c2+ 47. Re2 Rxe2+ 48. Kxe2 Ke7 49. Rb7+ Ke6 50.
Kf3 Rc3+ 51. Ke4 d5+ 52. Kd4 Rc2 53. Rb6+ Kf5 54. Kxd5 Rxg2 55. Rb7 Rd2+ 56.
Kc4 Kf6 57. h4 Rh2 58. Rb6+ Kg7 59. Kd5 Rxh4 60. Ke5 Rh1 61. Rb7 Re1+ 62.
Kd4 h5 63. Rb3 Kf6 64. Rb6+ Re6 65. Rb5 h4 66. Rg5 h3 67. Rg3 Kf5 68. Rxh3
Kxf4 69. Rh4+ Kg5 70. Rh7 f5 71. Rh1 f4 72. Rg1+ Kf5 73. Kd5 Re8 74. Kd4 g5
75. Kd5 g4 76. Kd4 f3 77. Rf1 Kf4 78. Kd3 g3 79. Rg1 Rd8+ 80. Kc2 f2 81. Rf1
Kf3 82. Ra1 g2 83. Ra3+ Ke2 84. Ra7 f1=Q 85. Re7+ Kf3 86. Rf7+ Ke4 87. Rxf1
gxf1=Q {White resigns} 0-1

[Event "ICC tourney 1921 (15 5)"]
[Site "Internet Chess Club"]
[Date "2020.07.17"]
[Round "2"]
[White "Ananya22609"]
[Black "Geode"]
[Result "1/2-1/2"]
[ICCResult "Game drawn because neither player has mating material"]
[WhiteElo "1382"]
[BlackElo "1329"]
[Opening "Scotch: Blumenfeld attack"]
[ECO "C45"]
[NIC "SO.05"]
[Time "13:27:54"]
[TimeControl "900+5"]

1. e4 e5 2. Nf3 Nc6 3. d4 exd4 4. Nxd4 Bc5 5. Be3 Qf6 6. Nb5 Bxe3 7. fxe3
Qh4+ 8. g3 Qxe4 9. Nxc7+ Kd8 10. Nxa8 Qxh1 11. Qd6 Nf6 12. Nc3 a6 13. O-O-O
Qf3 14. Nc7 Qxe3+ 15. Kb1 Qe7 16. Qxe7+ Kxe7 17. N7d5+ Nxd5 18. Nxd5+ Ke6
19. Bc4 b5 20. Bb3 Na5 21. Nf4+ Kf6 22. Bd5 g6 23. b4 Nc4 24. Bxc4 bxc4 25.
Rd4 g5 26. Nd5+ Ke5 27. Rd1 Bb7 28. Nb6 d5 29. Nd7+ Kd6 30. Nc5 Bc8 31. Rf1
Rf8 32. Rf6+ Ke5 33. Rh6 f5 34. Rh5 g4 35. Rxh7 Re8 36. Rh6 Kd4 37. Kc1 a5
38. a3 axb4 39. axb4 Kc3 40. Kd1 Kxb4 41. Na6+ Bxa6 42. Rxa6 Re5 43. Kd2 d4
44. Rd6 c3+ 45. Kd3 Kc5 46. Rxd4 Re2 47. Rc4+ Kd5 48. Kxe2 Kxc4 49. Ke3 Kd5
50. Kd3 Ke5 51. Kxc3 Ke4 52. Kb4 Kf3 53. c4 Kg2 54. c5 Kxh2 55. c6 Kxg3 56.
c7 f4 57. c8=Q f3 58. Qc7+ Kg2 59. Qc2+ f2 60. Qe4+ Kh2 61. Qxg4 f1=Q 62.
Qh4+ Qh3 63. Qf2+ Qg2 64. Qf4+ Qg3 65. Qxg3+ Kxg3
{Game drawn because neither player has mating material}
1/2-1/2

[Event "ICC tourney 1921 (15 5)"]
[Site "Internet Chess Club"]
[Date "2020.07.17"]
[Round "2"]
[White "VincentT2008"]
[Black "DankMemer"]
[Result "1-0"]
[ICCResult "Black forfeits on time"]
[WhiteElo "1320"]
[BlackElo "1567"]
[Opening "QGD: exchange, positional line"]
[ECO "D35"]
[NIC "QO.16"]
[Time "13:27:40"]
[TimeControl "900+5"]

1. d4 e6 2. c4 d5 3. Nc3 Nf6 4. cxd5 exd5 5. Bg5 Bb4 6. e3 O-O 7. Bd3 h6 8.
Bh4 c6 9. Ne2 Bg4 10. O-O Nbd7 11. Qc2 Rc8 12. f3 Be6 13. a3 Be7 14. Rae1
Qb6 15. Bf2 c5 16. Nf4 a6 17. Nxe6 fxe6 18. Qd2 Qa7 19. a4 Qb6 20. Bb1 Qb4
21. e4 cxd4 22. Qxd4 Qxb2 23. Nxd5 Qxd4 24. Nxe7+ Kf7 25. Bxd4 Kxe7 26. Rc1
e5 27. Be3 Nh5 28. g3 Nhf6 29. Ba2 b5 30. Kg2 bxa4 31. Bb1 Rxc1 32. Rxc1 Rb8
33. Bf2 Rb2 34. Bd3 a5 35. Rc7 a3 36. Ra7 Rb3 37. Bc4 Rc3 38. Bb5 a2 39.
Rxa5 Rc2 40. Bd3 Rd2 41. Bc4 Rc2 42. Bxa2 Rc7 43. Bb3 Rc3 44. Ba4 Rd3 45.
Bxd7 Nxd7 46. Ra7 Ke6 47. f4 exf4 48. gxf4 g6 49. Ra6+ Rd6 50. Ra5 Kf7 51.
e5 Re6 52. Ra7 Ke7 53. Kf3 Ke8 54. Ra8+ Kf7 55. Rd8 {Black forfeits on time}
1-0

[Event "ICC tourney 1921 (15 5)"]
[Site "Internet Chess Club"]
[Date "2020.07.17"]
[Round "2"]
[White "winner08"]
[Black "shankar09"]
[Result "1/2-1/2"]
[ICCResult "Game drawn by repetition"]
[WhiteElo "1643"]
[BlackElo "1467"]
[Opening "Caro-Kann: Steinitz variation"]
[ECO "B17"]
[NIC "CK.08"]
[Time "13:27:55"]
[TimeControl "900+5"]

1. e4 c6 2. d4 d5 3. Nc3 dxe4 4. Nxe4 Nd7 5. Nf3 Ngf6 6. Nxf6+ Nxf6 7. c3
Bg4 8. Be2 e6 9. h3 Bh5 10. O-O Bd6 11. Bd2 O-O 12. Ne5 Bxe2 13. Qxe2 Qc7
14. Rfe1 Rac8 15. Bg5 Be7 16. Qf3 Nd5 17. Bd2 Qb6 18. Rab1 Rcd8 19. Qg3 Kh8
20. Qf3 Nf6 21. b3 c5 22. dxc5 Bxc5 23. Be3 Bxe3 24. Rxe3 Kg8 25. Nc4 Qc7
26. Ree1 Rc8 27. Rbc1 Rfd8 28. Red1 h6 29. Rxd8+ Rxd8 30. Qe2 b5 31. Ne3 Ne4
32. c4 b4 33. Rd1 Rb8 34. Qd3 Nc3 35. Rd2 Rb7 36. Nd1 Nxd1 37. Rxd1 Qa5 38.
Qe4 Rb8 39. Qc2 Rd8 40. Rd2 Qc7 41. Kf1 Qb8 42. Kg1 Qc8 43. Qd1 Rxd2 44.
Qxd2 Qc7 45. Qxb4 Kh7 46. c5 Qe5 47. c6 Qa1+ 48. Kh2 Qe5+ 49. g3 Qe2 50. Qd4
Qxa2 51. c7 Qc2 52. Qf4 Kg8 53. Kg2 Qc6+ 54. Kh2 Qc2 55. Kg1 a6 56. Qd6 Qc1+
57. Kg2 Kh7 58. Qd8 Qc6+ 59. Kh2 Qc2 60. c8=Q Qxf2+ 61. Kh1 Qf1+ 62. Kh2
Qf2+ 63. Kh1 Qf1+ 64. Kh2 Qf2+ 65. Kh1 Qf1+ 66. Kh2 Qf2+ 67. Kh1 Qf1+ 68.
Kh2 Qf2+ 69. Kh1 Qf1+ 70. Kh2 Qf2+ 71. Kh1 Qf1+ {Game drawn by repetition}
1/2-1/2

[Event "ICC tourney 1921 (15 5)"]
[Site "Internet Chess Club"]
[Date "2020.07.17"]
[Round "3"]
[White "jnkut"]
[Black "Kfprasanna"]
[Result "1-0"]
[ICCResult "Black checkmated"]
[WhiteElo "1550"]
[BlackElo "1332"]
[Opening "Evans gambit: 5...Be7"]
[ECO "C51"]
[NIC "IG.05"]
[Time "14:22:19"]
[TimeControl "900+5"]

1. e4 e5 2. Nf3 Nc6 3. Bc4 Bc5 4. b4 Bxb4 5. c3 Be7 6. Qb3 Nh6 7. d4 exd4 8.
Bxh6 gxh6 9. Bxf7+ Kf8 10. O-O Na5 11. Qd5 c6 12. Qh5 d6 13. e5 d5 14. e6
dxc3 15. Qxh6# {Black checkmated} 1-0

[Event "ICC tourney 1921 (15 5)"]
[Site "Internet Chess Club"]
[Date "2020.07.17"]
[Round "3"]
[White "tcrgm"]
[Black "gmcarebear999"]
[Result "1-0"]
[ICCResult "Black resigns"]
[WhiteElo "1567"]
[BlackElo "1379"]
[Opening "Sicilian: dragon, Yugoslav attack, 10.O-O-O"]
[ECO "B78"]
[NIC "SI.18"]
[Time "14:22:03"]
[TimeControl "900+5"]

1. e4 c5 2. Nf3 d6 3. d4 cxd4 4. Nxd4 Nf6 5. Nc3 g6 6. Bc4 Bg7 7. f3 O-O 8.
Be3 Nc6 9. Qd2 Bd7 10. O-O-O Rc8 11. Bb3 Ne5 12. h3 a5 13. g4 b5 14. a3 b4
15. axb4 axb4 16. Na2 Nc4 17. Bxc4 Rxc4 18. b3 Rc8 19. Nxb4 Qa5 20. Kb2 Rb8
21. Nbc6 Bxc6 22. Qxa5 {Black resigns} 1-0

[Event "ICC tourney 1921 (15 5)"]
[Site "Internet Chess Club"]
[Date "2020.07.17"]
[Round "3"]
[White "Kausy"]
[Black "andrewjiang2"]
[Result "1-0"]
[ICCResult "Black resigns"]
[WhiteElo "1701"]
[BlackElo "1318"]
[Opening "Giuoco Piano"]
[ECO "C50"]
[NIC "IG.02"]
[Time "14:22:01"]
[TimeControl "900+5"]

1. e4 e5 2. Nf3 Nc6 3. Bc4 Bc5 4. O-O Nf6 5. d3 d6 6. c3 O-O 7. Nbd2 h6 8.
Re1 a6 9. Bb3 Ba7 10. Nf1 Ne7 11. Ng3 Ng6 12. h3 d5 13. exd5 Nxd5 14. Nxe5
Nxe5 15. Rxe5 Bxf2+ 16. Kxf2 Qf6+ 17. Qf3 Qxe5 18. Bxd5 c6 19. Bb3 Re8 20.
Bxf7+ {Black resigns} 1-0

[Event "ICC tourney 1921 (15 5)"]
[Site "Internet Chess Club"]
[Date "2020.07.17"]
[Round "3"]
[White "chessmaster0981"]
[Black "avaanc"]
[Result "0-1"]
[ICCResult "White resigns"]
[WhiteElo "1349"]
[BlackElo "1545"]
[Opening "Queen's pawn game"]
[ECO "D04"]
[NIC "QP.08"]
[Time "14:22:13"]
[TimeControl "900+5"]

1. d4 d5 2. Nf3 Nf6 3. e3 c5 4. b3 cxd4 5. exd4 Bg4 6. Bd3 Nc6 7. Bb2 e6 8.
a3 Bd6 9. O-O O-O 10. Nbd2 Rc8 11. Qe1 Bf4 12. Ne5 Nxe5 13. dxe5 Nd7 14. c4
Qc7 15. cxd5 Nxe5 16. Bxh7+ Kxh7 17. Rc1 Qb8 18. Qe4+ f5 19. Qe1 Nd3
{White resigns}
0-1

[Event "ICC tourney 1921 (15 5)"]
[Site "Internet Chess Club"]
[Date "2020.07.17"]
[Round "3"]
[White "Geode"]
[Black "Senmeesin"]
[Result "1-0"]
[ICCResult "Black checkmated"]
[WhiteElo "1364"]
[BlackElo "1170"]
[Opening "Four knights: Spanish variation"]
[ECO "C48"]
[NIC "KP.03"]
[Time "14:22:18"]
[TimeControl "900+5"]

1. e4 e5 2. Nf3 Nc6 3. Nc3 Nf6 4. Bb5 d6 5. d4 exd4 6. Nxd4 Bd7 7. O-O Be7
8. Be3 O-O 9. Bxc6 bxc6 10. h3 c5 11. Nf3 Bc6 12. Nd2 Rb8 13. b3 Nd7 14. Nd5
Bxd5 15. exd5 Bf6 16. Rb1 Ne5 17. Ne4 Re8 18. Nxf6+ Qxf6 19. c4 Rbd8 20. Qd2
Qg6 21. Kh1 Qh5 22. Rbe1 Ng4 23. Bg5 f6 24. Bf4 Ne5 25. Qa5 Nd3 26. Rxe8+
Rxe8 27. Bg3 Qe2 28. Kg1 Qxf1+ 29. Kxf1 Re1+ 30. Qxe1 Nxe1 31. Kxe1 Kf7 32.
Kd2 Kg6 33. Kc3 Kf5 34. b4 Ke4 35. bxc5 dxc5 36. Bxc7 a6 37. d6 Ke5 38. d7+
Ke6 39. d8=Q Kf5 40. Qd5+ Kg6 41. h4 h6 42. h5+ Kh7 43. Qf5+ Kh8 44. g4 Kg8
45. f4 Kh8 46. g5 Kg8 47. gxf6 gxf6 48. Qxf6 Kh7 49. Qg6+ Kh8 50. Be5#
{Black checkmated}
1-0

[Event "ICC tourney 1921 (15 5)"]
[Site "Internet Chess Club"]
[Date "2020.07.17"]
[Round "3"]
[White "WCCJCS"]
[Black "ickyquarter"]
[Result "0-1"]
[ICCResult "White checkmated"]
[WhiteElo "1520"]
[BlackElo "1529"]
[Opening "Sicilian: dragon, Yugoslav attack, Rauser variation"]
[ECO "B76"]
[NIC "SI.17"]
[Time "14:22:42"]
[TimeControl "900+5"]

1. e4 c5 2. Nf3 d6 3. d4 cxd4 4. Nxd4 Nf6 5. Nc3 g6 6. Be3 Bg7 7. f3 O-O 8.
Qd2 Nc6 9. O-O-O d5 10. exd5 Nxd5 11. Nxc6 bxc6 12. Nxd5 cxd5 13. Qxd5 Qc7
14. Qxa8 Bf5 15. Qxf8+ Kxf8 16. c3 Bxc3 17. Rd8+ Qxd8 18. bxc3 Qa5 19. Kb2
Qa4 20. Bd4 Qc2+ 21. Ka3 Be6 22. Bb5 Qxa2+ 23. Kb4 Qb3+ 24. Kc5 Qd5+ 25. Kb4
a5+ 26. Kxa5 Bd7 27. c4 Qxd4 28. Bxd7 Qxd7 29. Kb6 Qd4+ 30. c5 Ke8 31. Kb5
Kd7 32. c6+ Kc7 33. Re1 Qd3+ 34. Ka4 Qc4+ 35. Ka3 Qc3+ 36. Ka2 Qxe1 37. Kb3
Qf2 38. Kc4 Qxg2 39. Kd5 Qxf3+ 40. Ke5 Qxc6 41. Kf4 Qd6+ 42. Kg5 Qxh2 43.
Kg4 Qf2 44. Kg5 e6 45. Kh6 e5 46. Kxh7 e4 47. Kg7 g5 48. Kh6 g4 49. Kg5 g3
50. Kh6 g2 51. Kg7 g1=Q+ 52. Kf8 e3 53. Ke7 e2 54. Kf8 Qc5+ 55. Ke8 e1=Q+
56. Kxf7 Qee7# {White checkmated} 0-1

[Event "ICC tourney 1921 (15 5)"]
[Site "Internet Chess Club"]
[Date "2020.07.17"]
[Round "3"]
[White "Aryangambit"]
[Black "cruiseship"]
[Result "1-0"]
[ICCResult "Black checkmated"]
[WhiteElo "1779"]
[BlackElo "1253"]
[Opening "two knights: Max Lange attack"]
[ECO "C50"]
[NIC "IG.02"]
[Time "14:21:53"]
[TimeControl "900+5"]

1. e4 e5 2. Nf3 Nc6 3. Bc4 Bc5 4. O-O Nf6 5. d4 exd4 6. e5 d5 7. exf6 dxc4
8. fxg7 Rg8 9. Bg5 Qd5 10. Nc3 Qf5 11. Re1+ Be6 12. Ne4 Be7 13. Bxe7 Kxe7
14. Nxd4 Nxd4 15. Qxd4 b6 16. Ng3 Qxc2 17. Rad1 Qg6 18. Qh4+ f6 19. Qxc4 f5
20. Qh4+ Kf7 21. Rd7+ Bxd7 22. Qe7# {Black checkmated} 1-0

[Event "ICC tourney 1921 (15 5)"]
[Site "Internet Chess Club"]
[Date "2020.07.17"]
[Round "3"]
[White "Heliosis"]
[Black "saikolli"]
[Result "1-0"]
[ICCResult "Black resigns"]
[WhiteElo "1374"]
[BlackElo "1482"]
[Opening "French: advance, Paulsen attack"]
[ECO "C02"]
[NIC "FR.03"]
[Time "14:21:51"]
[TimeControl "900+5"]

1. e4 e6 2. d4 d5 3. e5 c5 4. c3 Nc6 5. Nf3 cxd4 6. cxd4 Bd7 7. Nc3 Rc8 8.
Be2 Qa5 9. O-O Bb4 10. Bd2 Qc7 11. Nb5 Qb6 12. Bxb4 Nxb4 13. Nd6+ Kf8 14.
Nxc8 Bxc8 15. a3 Nc6 16. b4 a5 17. b5 Na7 18. a4 Bd7 19. Rc1 Ne7 20. Bd3 g6
21. Qd2 Kg7 22. Qf4 Nf5 23. Bxf5 exf5 24. Rc5 h5 25. Rxd5 Be6 26. Rd6 Qc7
27. b6 {Black resigns} 1-0

[Event "ICC tourney 1921 (15 5)"]
[Site "Internet Chess Club"]
[Date "2020.07.17"]
[Round "3"]
[White "Roger436"]
[Black "LionMate"]
[Result "0-1"]
[ICCResult "White checkmated"]
[WhiteElo "1306"]
[BlackElo "1312"]
[Opening "Sicilian: Najdorf"]
[ECO "B90"]
[NIC "SI.14"]
[Time "14:24:01"]
[TimeControl "900+5"]

1. e4 c5 2. Nf3 d6 3. d4 cxd4 4. Nxd4 Nf6 5. Nc3 a6 6. f3 e5 7. Nb3 Be7 8.
Be3 O-O 9. Qd2 Nbd7 10. O-O-O Ne8 11. g4 g6 12. Bh6 Ng7 13. Nd5 Bh4 14. g5
Ne8 15. Bxf8 Bxg5 16. f4 exf4 17. Nxf4 Nxf8 18. Bc4 Ne6 19. Bxe6 Bxe6 20.
Kb1 Qb6 21. Nd5 Bxd5 22. Qxd5 Bf6 23. Rhf1 Nc7 24. Qxd6 Qxd6 25. Rxd6 Be5
26. Rd7 f6 27. h3 b5 28. c3 Rc8 29. Rfd1 Ne6 30. Re7 Ng5 31. h4 Nxe4 32.
Rdd7 Nd6 33. Rxh7 Nf5 34. Nd2 g5 35. hxg5 fxg5 36. Ne4 g4 37. Rh5 Rf8 38.
Rd5 Ne3 39. Rdxe5 Rf1# {White checkmated} 0-1

[Event "ICC tourney 1921 (15 5)"]
[Site "Internet Chess Club"]
[Date "2020.07.17"]
[Round "3"]
[White "jvihaan"]
[Black "DankMemer"]
[Result "0-1"]
[ICCResult "White checkmated"]
[WhiteElo "1287"]
[BlackElo "1572"]
[Opening "French: exchange variation"]
[ECO "C01"]
[NIC "FR.01"]
[Time "14:28:35"]
[TimeControl "900+5"]

1. e4 e6 2. d4 d5 3. exd5 exd5 4. Bd3 Nf6 5. Bg5 Be7 6. Nf3 O-O 7. O-O Bg4
8. h3 Bh5 9. Nbd2 c6 10. Re1 Re8 11. c3 Nbd7 12. Qb3 Qb6 13. Qxb6 axb6 14.
g4 Bg6 15. Bxg6 fxg6 16. Ne5 Nxe5 17. Rxe5 Bd6 18. Bxf6 gxf6 19. Rxe8+ Rxe8
20. Kf1 Kf7 21. Re1 Rxe1+ 22. Kxe1 c5 23. dxc5 bxc5 24. Nb3 b6 25. a4 Ke6
26. Ke2 f5 27. f3 Ke5 28. Ke3 d4+ 29. cxd4+ cxd4+ 30. Kd3 fxg4 31. fxg4 Kd5
32. Nxd4 Be5 33. Nb5 Bxb2 34. Nc3+ Bxc3 35. Kxc3 g5 36. Kb4 Kc6 37. Kc4 Kb7
38. Kd5 Ka6 39. Kc6 Ka5 40. Kb7 Kxa4 41. Kxb6 Kb4 42. Kc6 Kc4 43. Kd6 Kd4
44. Ke6 Ke4 45. Kf7 Kf3 46. Kg7 Kg3 47. Kxh7 Kxh3 48. Kg6 Kxg4 49. Kf6 Kf4
50. Ke6 g4 51. Kd5 g3 52. Kd4 g2 53. Kd3 g1=Q 54. Ke2 Qg3 55. Kd2 Qf3 56.
Kc2 Qe3 57. Kb2 Qd3 58. Ka2 Qc3 59. Kb1 Qd2 60. Ka1 Ke4 61. Kb1 Kd4 62. Ka1
Kc3 63. Kb1 Qh2 64. Ka1 Qb2# {White checkmated} 0-1

[Event "ICC tourney 1921 (15 5)"]
[Site "Internet Chess Club"]
[Date "2020.07.17"]
[Round "3"]
[White "brilliantnessme"]
[Black "espark"]
[Result "0-1"]
[ICCResult "White resigns"]
[WhiteElo "1615"]
[BlackElo "1645"]
[Opening "Robatsch defense: Pseudo-Austrian attack"]
[ECO "B06"]
[NIC "KF.05"]
[Time "14:22:09"]
[TimeControl "900+5"]

1. e4 g6 2. d4 Bg7 3. Nc3 d6 4. f4 a6 5. Nf3 b5 6. Bd3 Nd7 7. e5 Nh6 8. O-O
O-O 9. h3 c5 10. d5 c4 11. Be2 Nf5 12. a4 Rb8 13. axb5 axb5 14. g4 Ng3 15.
Kf2 Nxf1 16. Qxf1 dxe5 17. fxe5 Nxe5 18. Bf4 Nxf3 19. Bxb8 Nd2 20. Qd1 Bxc3
21. bxc3 Ne4+ 22. Ke1 {White resigns} 0-1

[Event "ICC tourney 1921 (15 5)"]
[Site "Internet Chess Club"]
[Date "2020.07.17"]
[Round "3"]
[White "RockroyalChess"]
[Black "siddhu25"]
[Result "1/2-1/2"]
[ICCResult "Game drawn by repetition"]
[WhiteElo "1373"]
[BlackElo "1472"]
[Opening "English opening"]
[ECO "A05"]
[NIC "QP.11"]
[Time "14:23:40"]
[TimeControl "900+5"]

1. Nf3 Nf6 2. c4 g6 3. Nc3 Bg7 4. b3 O-O 5. Bb2 d5 6. e3 c5 7. d4 Nc6 8.
dxc5 Ne4 9. Qc2 Qa5 10. Rc1 Nb4 11. Qb1 Nxa2 12. b4 Qxb4 13. Qxa2 Nxc3 14.
Qa3 Qxa3 15. Bxa3 Be6 16. Nd4 Ne4 17. f3 Nf6 18. Nxe6 fxe6 19. Be2 Bh6 20.
Kf2 Ng4+ 21. Ke1 Nxe3 22. Rc3 Nxg2+ 23. Kf1 Nf4 24. Rg1 d4 25. Rb3 Rad8 26.
Rxb7 d3 27. Bd1 Ne2 28. Bxe2 dxe2+ 29. Kxe2 Rd2+ 30. Ke1 Rxf3 31. Bc1 Rxh2
32. Bxh6 Rxh6 33. c6 Rc3 34. c7 Rxc4 35. Rb8+ Kg7 36. c8=Q Rxc8 37. Rxc8 Rh5
38. Ra8 Ra5 39. Ke2 h5 40. Kd3 g5 41. Kc4 g4 42. Re1 Kf7 43. Rh8 Kg7 44. Kb4
Rf5 45. Ra8 a5+ 46. Rxa5 Rxa5 47. Kxa5 Kf6 48. Kb4 h4 49. Kc4 g3 50. Kd4 Kf5
51. Ke3 Kg4 52. Ke2 Kh3 53. Kf1 Kh2 54. Re2+ Kh1 55. Rg2 e5 56. Rg1+ Kh2 57.
Rg2+ Kh1 58. Rg1+ Kh2 59. Rg2+ Kh1 60. Rg1+ Kh2 {Game drawn by repetition}
1/2-1/2

[Event "ICC tourney 1921 (15 5)"]
[Site "Internet Chess Club"]
[Date "2020.07.17"]
[Round "3"]
[White "Oliver0731"]
[Black "Kinawa"]
[Result "0-1"]
[ICCResult "White resigns"]
[WhiteElo "1448"]
[BlackElo "1427"]
[Opening "Caro-Kann: Steinitz variation"]
[ECO "B17"]
[NIC "CK.02"]
[Time "14:22:05"]
[TimeControl "900+5"]

1. e4 c6 2. d4 d5 3. Nd2 dxe4 4. Nxe4 Nd7 5. c4 Ngf6 6. Bd3 Nxe4 7. Bxe4 Nf6
8. Bc2 Bg4 9. Qd3 e6 10. Bg5 Bd6 11. h3 Bh5 12. Bxf6 Qxf6 13. Ne2 Bxe2 14.
Kxe2 O-O-O 15. Qe3 Bf4 16. Qa3 Qxd4 17. Rad1 Qxc4+ 18. Bd3 Qd4 19. Bxh7 Qe5+
20. Kf3 Rxd1 21. Rxd1 Qh5+ 22. Kxf4 Qxd1 23. Be4 Kb8 24. Kg3 Rd8 25. Qe7
Qd6+ 26. Qxd6+ Rxd6 27. Kf4 Rd2 28. b3 Rxf2+ 29. Kg3 Rxa2 30. Kf4 Kc7 31.
Kf3 Kd6 32. Ke3 f5 33. Bb1 Rxg2 {White resigns} 0-1